 Dungeon Crawl Stone Soup version 0.17-a0-1778-gd369669 (webtiles) character file.

356 FDAapproved the Chopper (level 6, -6/47 HPs)
             Began as a Formicid Fighter on Sept 8, 2015.
             Mangled by jejorda2's ghost (9 damage)
             ... on level 4 of the Dungeon.
             The game lasted 00:17:57 (4961 turns).

FDAapproved the Chopper (Formicid Fighter)          Turns: 4961, Time: 00:17:57

Health: -6/47      AC:  8    Str: 25    XL:     6   Next: 96%
Magic:  6/6        EV:  9    Int:  7    God:
Gold:   136        SH:  7    Dex: 10    Spells: 0 memorised, 5 levels left

rFire  + . .     SeeInvis +     a - +0 war axe
rCold  . . .     Clarity  +     b - +0 scale mail
rNeg   . . .     SustAt   .     e - +3 buckler
rPois  .         Gourm    .     (helmet unavailable)
rElec  .         Spirit   .     j - +0 cloak
rCorr  .         Warding  .     (no gloves)
rMut   .         Stasis   +     (no boots)
MR     .....                    g - amulet of clarity
Stlth  ..........               (no ring)
                                (no ring)

@: not resistant to hostile enchantments, extremely unstealthy
A: permanent stasis, dig shafts and tunnels, four strong arms, antennae 3, fire
resistance 1, mutation resistance 1, spit poison 1, strong 1
a: Dig, Shaft Self, Spit Poison


You were on level 4 of the Dungeon.
You were not hungry.

You visited 1 branch of the dungeon, and saw 4 of its levels.
You also visited: Sewer.

You collected 136 gold pieces.

Inventory:

Hand weapons
 a - a +0 war axe (weapon)
 m - a cursed -3 hunting sling
 x - a +2 short sword of venom
Missiles
 f - 27 sling bullets
 i - 81 arrows
Armour
 b - a +0 scale mail (worn)
 c - a +0 shield
 e - a +3 buckler (worn)
 j - a +0 cloak (worn)
Jewellery
 g - an amulet of clarity (around neck)
 l - an uncursed amulet of faith
Magical devices
 n - a wand of flame (18)
 t - a wand of lightning (2)
 u - a wand of frost (18)
Scrolls
 k - a scroll of fog
 o - 2 scrolls of identify
 p - a scroll of magic mapping {unknown}
 r - 4 scrolls of teleportation
 s - a scroll of amnesia {unknown}
 w - a scroll of enchant armour
Potions
 d - a potion of magic
 h - a potion of lignification
 q - 2 potions of haste
Comestibles
 z - a meat ration


   Skills:
 - Level 3.2 Fighting
 + Level 6.2 Axes
 - Level 3.2 Armour
 - Level 4.8 Shields


You had 5 spell levels left.
You didn't know any spells.

Dungeon Overview and Level Annotations

Branches:
Dungeon (4/15)
 Temple: D:4-7

Altars:
Vehumet

Annotations:
D:4 jejorda2's ghost, experienced MiTm


Innate Abilities, Weirdness & Mutations

You are under a permanent stasis effect.
You can dig through walls and to a lower floor.
Your four strong arms can wield two-handed weapons with a shield.
You have a pair of large antennae on your head (SInv).
Your flesh is heat resistant.
You are somewhat resistant to further mutation.
You can spit weak poison.
Your muscles are strong. (Str +2)


Message History

The worker ant bites you but does no damage.
You hit the worker ant.
The worker ant is almost dead.
Jejorda2's ghost keens inconsolably.
The worker ant completely misses you.
You hit the worker ant.
You kill the worker ant!
You feel sick. Jejorda2's ghost hits you.
You feel sick. Jejorda2's ghost hits you.
You feel sick. You block jejorda2's ghost's attack.
You open the door.
You feel sick. Jejorda2's ghost hits you!
* * * LOW HITPOINT WARNING * * *
There is an open door here.
You feel sick.
You are no longer poisoned.
Jejorda2's ghost hits you!
You die...

. #....................
..##+###'##†##'#.......
.............#.#.......
..##.........#.#.......
#.........'.'.......
#+###.#####'#.......
#..##.###...).......
#.......'W...##+###.
#.......#.@.<+
##+###..#....#
#+##....# +....# #....+
#....# #....# +....+


You could see jejorda2's ghost.

Vanquished Creatures
  A centaur skeleton (D:4)
  Ijyb (D:3)
  Jessica (D:3)
  A worker ant (D:4)
  Terence (D:3)
  Natasha (thrice) (D:3)
  8 adders
  An ooze (D:1)
  2 worms (D:2)
  10 hobgoblins
  11 kobolds
  A quokka (D:3)
  5 ball pythons
  10 bats
  6 giant cockroaches
  7 giant geckos
  17 giant newts
  10 goblins
  12 jackals
  10 rats
  4 plants (Sewer)
122 creatures vanquished.

Notes
Turn   | Place    | Note
--------------------------------------------------------------
     0 | D:1      | FDAapproved the Formicid Fighter began the quest for the Orb.
     0 | D:1      | Reached XP level 1. HP: 18/18 MP: 1/1
   201 | D:1      | Reached XP level 2. HP: 24/24 MP: 2/2
   206 | D:1      | Reached skill level 4 in Shields
   694 | D:1      | Reached XP level 3. HP: 25/29 MP: 3/3
  1345 | D:2      | Reached XP level 4. HP: 32/35 MP: 4/4
  1774 | D:2      | Reached XP level 5. HP: 26/41 MP: 5/5
  2575 | D:3      | Noticed Ijyb
  2586 | D:3      | Killed Ijyb
  2728 | D:3      | Noticed Natasha
  2738 | D:3      | Killed Natasha
  2801 | D:3      | Found a glowing drain.
  2807 | Sewer    | Entered a sewer
  3016 | Sewer    | Reached skill level 5 in Axes
  3016 | Sewer    | Reached XP level 6. HP: 45/47 MP: 6/6
  3163 | Sewer    | Gained mutation: You can spit weak poison. [potion of mutation]
  3163 | Sewer    | Gained mutation: Your muscles are strong. (Str +2) [potion of mutation]
  3163 | Sewer    | Gained mutation: Your flesh is heat resistant. [potion of mutation]
  3165 | Sewer    | Gained mutation: You are somewhat resistant to further mutation. [potion of mutation]
  3983 | D:3      | Noticed Terence
  3997 | D:3      | Killed Terence
  4037 | D:3      | Found a radiant altar of Vehumet.
  4038 | D:3      | Noticed Jessica
  4080 | D:3      | Killed Jessica
  4211 | D:3      | Noticed Natasha
  4222 | D:3      | Killed Natasha
  4229 | D:3      | Noticed Natasha
  4233 | D:3      | Killed Natasha
  4838 | D:4      | Reached skill level 6 in Axes
  4903 | D:4      | Noticed jejorda2's ghost (experienced MiTm)
  4961 | D:4      | Mangled by jejorda2's ghost

Vault maps used:
D:1:      elethiomel_arrival_infinity_welcomes_careful_drivers, minmay_newt_pond
D:2:      first_bread
D:3:      vehumet_altar_wand_db, lightli_sewer_entry_pipes, uniq_iyjb,
          uniq_natasha, uniq_jessica, uniq_terence
D:4:      grunt_dithmenos_smoke
Sewer:    sewer_co_scattered_pipes

Action                   |  1- 3 |  4- 6 || total
-------------------------+-------+-------++-------
Melee: War axe           |   127 |   369 ||   496
Evoke: Wand              |       |     3 ||     3
  Use: Scroll            |     4 |     3 ||     7
       Potion            |       |     8 ||     8
  Eat: Bread ration      |     1 |     2 ||     3
       Royal jelly       |       |     1 ||     1
       Pizza             |       |     1 ||     1
       Chunk             |       |     1 ||     1
